Map: King Sejong Station LE

Players

Fropez

  • Race: Protoss Protoss
  • League: Gold
  • Spawn Location: 5:00

KatsumotoO - Winner!

  • Race: Protoss Protoss
  • League: Gold
  • Spawn Location: 11:00

VOD

Have the link to the VOD?

Description

Time

  • Played on: Sept. 12, 2016, 11:13 a.m.
  • Length: 4:02
Show
View Real Time Build Order
Export as new Build Order

Fropez Protoss 

Build Orders: Nexus First 

Get SALT Encoding   

  12  0:01  Probe (Chrono Boost)  
  13  0:25  Pylon  
  13  0:26  Probe (Chrono Boost)  
  14  0:38  Probe (Chrono Boost)  
  15  0:56  Nexus  
  15  1:12  Gateway  
  15  1:13  Assimilator  
  15  1:15  Probe (Chrono Boost)  
  16  1:19  Assimilator  
  16  1:26  Probe (Chrono Boost)  
  16  1:31  Assimilator  
  17  1:36  Probe (Chrono Boost)  
  17  1:39  Pylon  
  18  1:57  Probe (Chrono Boost)  
  18  1:58  Forge  
  19  2:08  Cybernetics Core  
  19  2:11  Probe (Chrono Boost)  
  19  2:15  Probe (Chrono Boost)  
  21  2:21  Probe (Chrono Boost)  
  22  2:26  Probe (Chrono Boost)  
  23  2:37  Probe (Chrono Boost)  
  24  2:44  Pylon  
  24  2:45  Mothership Core  
  26  2:53  Pylon  
  26  3:01  Probe  
  27  3:12  Photon Cannon  
  27  3:22  Probe  
  27  3:25  Twilight Council  
  28  3:34  Probe  
  28  3:35  Probe  
  30  3:42  Assimilator  
  30  3:46  Probe  
  30  3:47  Probe  
  32  3:55  Photon Cannon  
Show
View Real Time Build Order
Export as new Build Order

KatsumotoO Protoss - Winner!

Build Orders:  

Get SALT Encoding   

  12  0:01  Probe (Chrono Boost)  
  13  0:11  Probe (Chrono Boost)  
  14  0:17  Pylon  
  14  0:25  Probe (Chrono Boost)  
  15  0:36  Probe (Chrono Boost)  
  16  0:46  Probe (Chrono Boost)  
  17  0:54  Pylon  
  18  0:57  Probe (Chrono Boost)  
  18  0:59  Assimilator  
  18  1:07  Probe (Chrono Boost)  
  19  1:14  Gateway  
  19  1:18  Probe (Chrono Boost)  
  20  1:23  Pylon  
  20  1:26  Assimilator  
  20  1:28  Probe (Chrono Boost)  
  21  1:39  Gateway  
  21  1:41  Gateway  
  21  1:45  Probe (Chrono Boost)  
  22  1:55  Gateway  
  22  2:07  Cybernetics Core  
  22  2:20  Zealot  
  24  2:26  Zealot  
  26  2:47  Twilight Council, Stalker x2  
  30  2:53  Stalker  
  32  3:00  Pylon  
  32  3:08  Stalker  
  34  3:26  Stalker  
Tags
 
League
GoldGold
Matchup
PvP
Replay Pack
All Mines
Spawn Locations
Cross Positions
Add a new tag
Caveats
  • Supply blocks, unpowered buildings, or Contaminate may cause inaccurate times.
  • Supply counts are checked every 10 seconds.